 Dungeon Crawl Stone Soup version 0.17.0-23-g0de4337 (console) character file.

37 gw the Cudgeler (level 3, -1/39 HPs)
             Began as an Ogre Berserker on Nov 13, 2015.
             Was a Follower of Trog.
             Slain by a jackal (2 damage)
             ... on level 2 of the Dungeon.
             The game lasted 00:01:21 (1199 turns).

gw the Cudgeler (Ogre Berserker)                    Turns: 1199, Time: 00:01:21

Health: -1/39      AC:  3    Str: 22    XL:     3   Next: 39%
Magic:  3/3        EV: 10    Int:  6    God:    Trog [*.....]
Gold:   22         SH:  0    Dex: 10    Spells: 0 memorised, 2 levels left

rFire  . . .     SeeInvis .     a - +0 mace
rCold  . . .     Clarity  .     b - +0 animal skin
rNeg   . . .     SustAt   .     (no shield)
rPois  .         Gourm    .     (helmet restricted)
rElec  .         Spirit   .     (no cloak)
rCorr  .         Warding  .     (gloves unavailable)
rMut   .         Stasis   .     (boots unavailable)
MR     .....                    (no amulet)
Stlth  +.........               (no ring)
                                (no ring)

@: not resistant to hostile enchantments, very unstealthy
A: unfitting armour, tough skin 1
a: Berserk, Burn Spellbooks, Renounce Religion


You were on level 2 of the Dungeon.
You worshipped Trog.
Trog was aware of your devotion.
You were not hungry.

You visited 1 branch of the dungeon, and saw 2 of its levels.

You collected 22 gold pieces.

Inventory:

Hand Weapons
 a - a +0 mace (weapon)
Missiles
 l - 7 stones (quivered)
Armour
 b - a +0 animal skin (worn)
Scrolls
 g - a scroll of identify
Comestibles
 c - a bread ration
 d - a meat ration
 f - a beef jerky


   Skills:
 + Level 4.2 Fighting
 * Level 4.6 Maces & Flails
 + Level 1.4 Throwing
 + Level 3.0 Dodging


You had 2 spell levels left.
You didn't know any spells.

Dungeon Overview and Level Annotations

Branches:
Dungeon (2/15)

Altars:


Innate Abilities, Weirdness & Mutations

You are too large for most types of armour.
You have tough skin (AC +1).


Message History

The jackal is almost dead.
The jackal bites you. x2
The jackal bites you but does no damage.
MOVING TO (-4,-1)
The jackal bites you. The jackal barely misses you. The jackal bites you.
MOVING TO (-3,-1) MOVING TO (-2,-1) MOVING TO (-1,0) ATTACKING (1,0)
You closely miss the jackal. The jackal bites you.
ATTACKING (1,0)
You hit the jackal.
The jackal is moderately wounded.
The jackal closely misses you.
The jackal bites you but does no damage.
ATTACKING (1,0)
You hit the jackal.
The jackal is severely wounded.
The jackal bites you.
You die...

########## ###........#
##.#########..........##
.......Ohh............>#
##.#.####h......!......#
#...#.......$..#
#...#..........#
#####........!.#
#.....((...#
#.........<#
#.########.# .#
##.########.#


You could see 3 jackals.

Table legend:
 A = Turns spent in this place as a percentage of turns spent in the entire game.
 B = Non-inter-level travel turns spent in this place as a percentage of non-inter-level travel turns spent in the entire game.
 C = Inter-level travel turns spent in this place as a percentage of turns spent in this place.
 D = Turns resting spent in this place as a percentage of non-inter-level travel turns spent in this place.
 E = Turns spent auto-exploring this place as a percentage of non-inter-level travel turns spent in this place.
 F = Non-inter-level travel turns spent in this place divided by the number of levels of this place that you've seen.
                   A       B       C       D       E      F
               +-------+-------+-------+-------+-------+----------------------
         Total | 100.0 | 100.0 |   0.4 |   1.1 |   2.6 | 889.5
       Dungeon | 100.0 | 100.0 |   0.4 |   1.1 |   2.6 | 889.5
               +-------+-------+-------+-------+-------+----------------------

Table legend:
 A = Kills in this place as a percentage of kills in entire the game.
 B = Kills by you in this place as a percentage of kills by you in the entire game.
 C = Kills by friends in this place as a percentage of kills by friends in the entire game.
 D = Other kills in this place as a percentage of other kills in the entire game.
 E = Experience gained in this place as a percentage of experience gained in the entire game.
 F = Experience gained in this place divided by the number of levels of this place that you have seen.
                   A       B       C       D       E      F
               +-------+-------+-------+-------+-------+----------------------
         Total | 100.0 | 100.0 |  -nan |  -nan | 100.0 |  26.5
       Dungeon | 100.0 | 100.0 |  -nan |  -nan | 100.0 |  26.5
               +-------+-------+-------+-------+-------+----------------------

Vanquished Creatures
  An adder (D:1)
  A worm (D:2)
  3 giant cockroaches (D:1)
  3 hobgoblins
  3 jackals
  2 kobolds (D:1)
  4 bats (D:1)
  3 giant newts (D:1)
  2 goblins (D:1)
  3 rats (D:1)
25 creatures vanquished.

Notes
Turn   | Place    | Note
--------------------------------------------------------------
     0 | D:1      | gw the Ogre Berserker began the quest for the Orb.
     0 | D:1      | Reached XP level 1. HP: 24/24 MP: 1/1
   232 | D:1      | Reached XP level 2. HP: 32/32 MP: 2/2
   359 | D:1      | Reached skill level 1 in Throwing
   611 | D:1      | Reached XP level 3. HP: 35/39 MP: 3/3
  1197 | D:2      | HP: 1/39 [jackal (2)]
  1199 | D:2      | Slain by a jackal

Action                   || total
-------------------------++-------
Melee: Mace              ||    73
Throw: Stone             ||    33
Invok: Berserk           ||     1
  Use: Scroll            ||     5
       Potion            ||     2
  Eat: Chunk             ||     2

Vault maps used:
D:1:      mrwooster_arrival_statue_2, minmay_cupped
